AoeStats
← 8

Arena

509785149Analyzed
3v3 RM · 5d ago on Sep 28, 2026· 38m 48s· 6 players
Game mode
Random Map
Map size
Normal (6 player)
Population
200
Speed
Normal
Resources
Standard
Victory
Conquest
Starting age
Dark Age
Ending age
Imperial Age
RankedLock teamsTeams togetherTeam positionsShared explorationLock speedFull tech treeHidden civsTurbo modeCheats
Victory
Defeat
🇺🇸 Khmer · United States
1224
+12
🇺🇸 Dravidians · United States
1162
+15
🇮🇳 Italians · India
1158
+14
🇺🇸 Saracens · United States
1142
-14
🇲🇽 Malay · Mexico
1130
-14
🇹🇷 Saxons · Türkiye
1125
-13
Caner
3:32 Loom
12:48 Feudal Age
14:25 Horse Collar
14:31 Double-Bit Axe
14:41 Stone Mining
17:56 Castle Age
15:56 Gold Mining
19:33 Bow Saw
20:01 Gold Shaft Mining
ask
5:18 Loom
14:50 Feudal Age
16:22 Double-Bit Axe
16:28 Gold Mining
17:06 Stone Mining
19:38 Castle Age
18:12 Fletching
19:44 Crossbowman
20:57 Bodkin Arrow
22:04 Padded Archer Armor
32:34 Scale Mail Armor
rickyecko
3:31 Loom
11:02 Feudal Age
11:11 Double-Bit Axe
17:20 Castle Age
18:28 Fletching
20:24 Bow Saw
20:24 Horse Collar
22:37 Wheelbarrow
22:55 Town Watch
24:07 Heavy Plow
31:12 Imperial Age
28:49 Squires
28:42 Pikeman
29:36 Forging
30:01 Gold Mining
30:52 Masonry
30:58 Stone Mining
33:11 Chemistry
35:50 Hand Cart
dipsh*t
9:54 Feudal Age
14:03 Castle Age
11:51 Loom
12:52 Double-Bit Axe
12:55 Horse Collar
23:23 Fletching
24:30 Bodkin Arrow
27:34 Wheelbarrow
29:40 Imperial Age
27:07 Gold Mining
27:07 Stone Mining
27:19 Stone Mining
28:55 Padded Archer Armor
29:53 Leather Archer Armor
30:50 Hand Cart
31:14 Conscription
33:13 Chemistry
32:34 Ballistics
37:41 Bracer
38:11 Ring Archer Armor
8
10:21 Feudal Age
14:12 Castle Age
12:16 Double-Bit Axe
13:47 Fletching
15:00 Horse Collar
17:30 Crossbowman
19:20 Bodkin Arrow
23:30 Wheelbarrow
23:25 Bow Saw
27:33 Loom
29:14 Padded Archer Armor
32:32 Imperial Age
32:12 Leather Archer Armor
33:29 Ballistics
34:32 Chemistry
33:51 Bracer
37:45 Arbalester
Ra
10:04 Feudal Age
10:31 Loom
13:20 Castle Age
11:10 Double-Bit Axe
11:22 Horse Collar
18:09 Bloodlines
18:57 Scale Barding Armor
23:54 Wheelbarrow
Connection lost

Rejoining the realm…

Still unreachable

The connection could not be restored.

Session expired

The server has moved on; the page needs a fresh start.